Map: Abyssal Reef LE

Players

ОпасныйПоцик

  • Race: Terran Terran
  • League: Grandmaster
  • Spawn Location: 11:00

liquidthermy (uThermal) - Winner!

  • Race: Terran Terran
  • League: Grandmaster
  • Spawn Location: 5:00

VOD

Have the link to the VOD?

Description

Time

  • Played on: Jan. 13, 2018, 2:14 p.m.
  • Length: 5:55
Show
View Real Time Build Order
Export as new Build Order

ОпасныйПоцик Terran 

Build Orders: Cyclone Opening 

Get SALT Encoding   

  12  0:00  SCV  
  13  0:13  SCV  
  14  0:18  Supply Depot  
  14  0:25  SCV  
  15  0:29  Refinery  
  15  0:39  SCV  
  16  0:46  Barracks  
  16  0:51  SCV  
  17  1:03  SCV  
  18  1:16  SCV  
  19  1:32  Orbital Command  
  19  1:34  Reaper  
  20  1:41  Supply Depot, Refinery  
  20  1:51  Factory  
  20  1:58  SCV  
  21  2:06  Barracks Reactor  
  21  2:10  SCV  
  22  2:22  SCV  
  22  2:37  Cyclone  
  22  2:38  Command Center  
  22  2:40  SCV  
  26  2:44  Marine  
  26  2:47  Marine  
  28  2:53  Supply Depot  
  28  2:54  SCV  
  29  3:05  Starport  
  29  3:11  Marine x2  
  30  3:20  Cyclone  
  30  3:23  SCV  
  34  3:29  Liberator  
  36  3:36  SCV  
  37  3:48  Supply Depot, Marine  
  39  3:50  SCV  
  39  3:51  Marine  
  41  3:55  Orbital Command  
  41  4:04  Cyclone  
  41  4:06  SCV  
  41  4:08  Marine  
  46  4:11  Marine  
  46  4:21  Orbital Command  
  45  4:26  SCV  
  45  4:28  Marine  
  45  4:29  Marine  
  48  4:46  Marine  
  48  4:47  SCV x2, Marine  
  48  4:49  Factory Tech Lab  
  48  4:52  Barracks  
  52  4:53  Barracks  
  52  4:55  Viking  
  52  4:59  SCV  
  55  5:01  Supply Depot  
  55  5:02  SCV  
  55  5:05  Marine x2  
  58  5:13  Siege Tank  
  58  5:14  SCV  
  62  5:16  SCV  
  61  5:25  Marine x2  
  62  5:29  SCV  
Show
View Real Time Build Order
Export as new Build Order

liquidthermy Terran - Winner!

Build Orders:  

Get SALT Encoding   

  12  0:01  SCV  
  13  0:13  SCV  
  14  0:17  Supply Depot  
  14  0:25  SCV  
  15  0:28  Refinery  
  15  0:39  SCV  
  16  0:44  Barracks  
  16  0:51  SCV  
  17  1:00  Barracks  
  17  1:03  SCV  
  18  1:15  SCV  
  19  1:31  Reaper, Orbital Command  
  20  1:32  Supply Depot  
  20  1:47  Reaper  
  21  2:03  Reaper  
  21  2:07  Command Center  
  22  2:11  SCV  
  23  2:17  Refinery  
  23  2:19  Barracks Reactor  
  23  2:23  SCV  
  24  2:35  SCV  
  25  2:38  Marine  
  26  2:47  SCV  
  27  2:53  Factory  
  27  2:57  Barracks Tech Lab, Marine x2  
  29  3:00  SCV  
  30  3:12  SCV  
  31  3:18  Stimpack  
  31  3:19  Marine x3  
  34  3:20  Orbital Command  
  34  3:24  SCV  
  35  3:36  Marine x3  
  35  3:38  SCV  
  35  3:39  Starport  
  39  3:42  Factory Reactor  
  39  3:46  SCV, Supply Depot  
  40  3:50  SCV  
  41  3:56  Bunker, Marine x2  
  41  3:58  Marine  
  41  4:01  SCV  
  41  4:02  SCV  
  46  4:08  Supply Depot  
  46  4:13  SCV  
  46  4:14  SCV  
  48  4:22  Marine  
  49  4:24  Medivac x2  
  49  4:25  SCV  
  49  4:29  SCV  
  55  4:31  Supply Depot, Marine  
  55  4:33  Marine  
  55  4:37  SCV  
  58  4:42  Marine  
  58  4:43  SCV  
  58  4:45  Supply Depot  
  60  4:49  Factory Tech Lab, SCV, Marine  
  60  4:52  Marine  
  62  4:55  Supply Depot  
  62  4:57  SCV  
  64  5:00  Marine  
  65  5:07  Marine  
  65  5:11  Siege Tank  
  65  5:12  Marine  
  65  5:13  SCV  
  70  5:20  SCV, Marine  
  72  5:25  Marine  
  70  5:29  SCV, Marine  
  58  5:43  SCV  
Tags
 
Add a new tag
Caveats
  • Supply blocks, unpowered buildings, or Contaminate may cause inaccurate times.
  • Supply counts are checked every 10 seconds.